 Dungeon Crawl Stone Soup version 0.31-a0-188-g5e087ee2ca (webtiles) character file.

Game seed: 7279359573237959640

319 qw the Skirmisher (level 6, -12/35 HPs)
             Began as a Deep Elf Hunter on June 23, 2023.
             Mangled by an ogre
             ... wielding a +0 giant club
              (25 damage)
             ... on level 4 of the Dungeon.
             The game lasted 00:01:13 (3124 turns).

qw the Skirmisher (Deep Elf Hunter)                 Turns: 3124, Time: 00:01:13

Health: -12/35     AC:  7    Str: 10    XL:     6   Next: 21%
Magic:  8/8        EV: 12    Int: 14    God:
Gold:   183        SH:  0    Dex: 18    Spells: 5/5 levels left

rFire   . . .        Y - +0 shortbow (freeze)
rCold   . . .        (shield currently unavailable)
rNeg    . . .        c - +0 leather armour
rPois   +            b - +0 helmet
rElec   .            f - +2 cloak
rCorr   +            (no gloves)
SInv    .            (no boots)
Will    .....        (no amulet)
Stlth   ++           j - ring of resist corrosion
HPRegen 0.25/turn    k - ring of poison resistance
MPRegen 0.11/turn

%: no passive effects
@: no status effects
A: no striking features
a: no special abilities


You were on level 4 of the Dungeon.
You visited 1 branch of the dungeon, and saw 4 of its levels.

You collected 183 gold pieces.


   Skills:
 - Level 2.2 Fighting
 + Level 9.4 Ranged Weapons
 - Level 3.0 Dodging
 - Level 1.2 Stealth


You had 5 spell levels left.
You didn't know any spells.
Your spell library was empty.

Inventory:

Hand Weapons
 Y - a +0 shortbow of freezing (weapon)
Armour
 b - a +0 helmet (worn)
 c - a +0 leather armour (worn)
 f - a +2 cloak (worn)
Jewellery
 a - a ring of willpower
 j - a ring of resist corrosion (left hand)
 k - a ring of poison resistance (right hand)
Scrolls
 g - 4 scrolls of identify
Potions
 d - a potion of curing
 e - a potion of heal wounds

Dungeon Overview and Level Annotations

Branches:
Dungeon (4/15)
 Temple: D:4-7

Altars:
Uskayaw

Annotations:
D:3 1 transporter, 1 runed translucent door, Crazy Yiuf; qw's ghost, weakling DEHu


Message History

g - 4 scrolls of identify (gained 1)
There is a stone staircase leading down here.
A hound and an ogre come into view.
The hound barks!
Enter note:
Enter note: You shoot an arrow.
The arrow hits the ogre.
The arrow freezes the ogre.
The ogre is lightly wounded.
You shoot an arrow. The arrow hits the hound!
The arrow freezes the hound.
The hound is heavily wounded.
You shoot an arrow. The arrow misses the hound.
You shoot an arrow. The arrow hits the hound.
The arrow freezes the hound.
The hound is severely wounded.
The hound misses you.
You shoot an arrow. The arrow closely misses the hound.
The hound barely misses you. The hound misses you.
You shoot an arrow. The arrow hits the hound.
The arrow freezes the hound.
The hound is almost dead.
The hound bites you but does no damage. The ogre hits you with a +0 giant club!
You shoot an arrow. The arrow barely misses the hound.
The hound bites you.
You shoot an arrow. The arrow hits the hound.
The arrow freezes the hound.
You kill the hound!
The ogre hits you with a +0 giant club.
You shoot an arrow. The arrow hits the ogre.
The arrow freezes the ogre.
The ogre is moderately wounded.
The ogre closely misses you.
You shoot an arrow. The arrow barely misses the ogre.
You shoot an arrow. The arrow hits the ogre.
The arrow freezes the ogre.
The ogre is moderately wounded.
The ogre barely misses you.
You shoot an arrow. The arrow barely misses the ogre.
You shoot an arrow. The arrow hits the ogre.
The arrow freezes the ogre.
The ogre is heavily wounded.
The ogre hits you with a +0 giant club.
You shoot an arrow. The arrow hits the ogre.
The arrow freezes the ogre.
The ogre is severely wounded.
The ogre hits you with a +0 giant club!!
Ouch! That really hurt!
You die...

.. .# .### #######...
#..>..#.. ### #.###.#.#
#.# ..# #.# #.#.#...##
#.#########.###.@.......
#...........#...#O......
#........####...........
#...............#.#...##
#....<...#.##...#.#...#
#.#......#......#.. ....
#.#.####.#.##.###... ...
#.#.#....#....# .....#.
#.#.#....#.#### ##.


You could see an ogre.

Vanquished Creatures
  2 hounds
  A jelly (D:3)
  An iguana (D:3)
  Robin (D:2)
  3 adders
  7 gnolls (D:2)
  2 dart slugs
  6 ball pythons
  2 bats
  8 endoplasms
  A giant cockroach (D:2)
  17 goblins
  9 hobgoblins
  6 jackals
  13 kobolds
  2 quokkas (D:1)
  3 frilled lizards
  8 rats
92 creatures vanquished.

Notes
Turn   | Place    | Note
-------+----------+-------------------------------------------
     0 | D:1      | qw the Deep Elf Hunter began the quest for the Orb.
     0 | D:1      | Reached XP level 1. HP: 12/12 MP: 3/3
     0 | D:1      | 0 ||| qw: Version: 0.3-a-9-g12657ce
     0 | D:1      | 0 ||| qw: Game counter: 3981
     0 | D:1      | 0 ||| qw: Always use a shield: true
     0 | D:1      | 0 ||| qw: God list: Okawaru
     0 | D:1      | 0 ||| qw: Allow faded altars: false
     0 | D:1      | 0 ||| qw: Do Orc after D:15 true
     0 | D:1      | 0 ||| qw: Do second Lair branch before Depths: true
     0 | D:1      | 0 ||| qw: Lair rune preference: random
     0 | D:1      | 0 ||| qw: Plans: Normal
     0 | D:1      | 0 ||| PLANNING D:1-11
    54 | D:1      | HP: 1/12 [ball python (3)]
   162 | D:1      | Reached XP level 2. HP: 16/16 MP: 4/4
   164 | D:1      | Reached skill level 6 in Ranged Weapons
   285 | D:1      | Found a faded altar of an unknown god.
   375 | D:1      | Reached XP level 3. HP: 20/20 MP: 5/5
   968 | D:1      | 968 ||| UPGRADING to +2 cloak.
   973 | D:1      | 973 ||| READING scroll labelled XUGAMMAUXZE.
   974 | D:1      | 974 ||| READING scroll labelled FUPOIN NIDOSM.
   975 | D:1      | 975 ||| DRINKING 2 silvery potions.
   976 | D:1      | 976 ||| DROPPING scroll of butterflies.
  1009 | D:2      | 1009 ||| STAIRDANCE
  1059 | D:2      | Found a hide-covered altar of Uskayaw.
  1067 | D:2      | Identified the +3 mace of Siladumo {spect, Str+3}
  1073 | D:2      | Reached skill level 7 in Ranged Weapons
  1160 | D:2      | Reached XP level 4. HP: 25/25 MP: 6/6
  1166 | D:2      | Noticed Robin
  1171 | D:2      | Killed Robin
  1193 | D:2      | Reached skill level 8 in Ranged Weapons
  1323 | D:2      | 1323 ||| Stepping ~*~*~tactically~*~*~ (outnumbered).
  1325 | D:2      | 1325 ||| Stepping ~*~*~tactically~*~*~ (outnumbered).
  1327 | D:2      | 1327 ||| FLEEEEING.
  1328 | D:2      | 1328 ||| FLEEEEING.
  1329 | D:2      | 1329 ||| FLEEEEING.
  1335 | D:2      | 1335 ||| FLEEEEING.
  1338 | D:2      | 1338 ||| FLEEEEING.
  1339 | D:2      | 1339 ||| FLEEEEING.
  1340 | D:2      | 1340 ||| FLEEEEING.
  1343 | D:2      | 1343 ||| FLEEEEING.
  1344 | D:2      | 1344 ||| FLEEEEING.
  1345 | D:2      | 1345 ||| FLEEEEING.
  1346 | D:2      | 1346 ||| FLEEEEING.
  1347 | D:2      | 1347 ||| FLEEEEING.
  1348 | D:2      | 1348 ||| FLEEEEING.
  1349 | D:2      | 1349 ||| FLEEEEING.
  1350 | D:2      | 1350 ||| FLEEEEING.
  1351 | D:2      | 1351 ||| FLEEEEING.
  1372 | D:2      | Reached XP level 5. HP: 18/29 MP: 7/7
  1771 | D:2      | 1771 ||| UPGRADING to +0 helmet.
  1776 | D:2      | 1776 ||| UPGRADING to ring of resist corrosion.
  1777 | D:2      | 1777 ||| READING scroll labelled HUFOUF ZYDAKI.
  1878 | D:2      | 1878 ||| READING scroll labelled MODWUA OTIDOA.
  1998 | D:3      | Reached skill level 9 in Ranged Weapons
  2006 | D:3      | Found a transporter.
  2164 | D:3      | 2164 ||| Stepping ~*~*~tactically~*~*~ (outnumbered).
  2253 | D:3      | Found a runed translucent door.
  2254 | D:3      | Noticed Crazy Yiuf
  2414 | D:3      | Noticed qw's ghost (weakling DEHu)
  2414 | D:3      | Noticed an ogre
  2416 | D:3      | Noticed an ogre
  2417 | D:3      | Noticed an ogre
  2455 | D:3      | Reached skill level 3 in Dodging
  2522 | D:3      | 2522 ||| UPGRADING to ring of poison resistance.
  2523 | D:3      | 2523 ||| READING 2 scrolls labelled CUOREUBROF.
  2524 | D:3      | 2524 ||| READING 2 scrolls labelled ENOQECRAXZA.
  2525 | D:3      | 2525 ||| READING scroll labelled OKLOAM PUCLOSS.
  2526 | D:3      | 2526 ||| READING 6 scrolls of identify.
  2526 | D:3      | 2526 ||| IDENTIFYING sedimented grey potion
  2527 | D:3      | 2527 ||| READING 5 scrolls of identify.
  2527 | D:3      | 2527 ||| IDENTIFYING lumpy grey potion
  2528 | D:3      | 2528 ||| READING 4 scrolls of identify.
  2528 | D:3      | 2528 ||| IDENTIFYING lumpy green potion
  2529 | D:3      | 2529 ||| DROPPING potion of brilliance.
  2530 | D:3      | 2530 ||| DROPPING potion of magic.
  2531 | D:3      | 2531 ||| DROPPING scroll of vulnerability.
  2532 | D:3      | 2532 ||| DROPPING scroll of blinking.
  2591 | D:4      | 2591 ||| STAIRDANCE
  2733 | D:4      | 2733 ||| STAIRDANCE
  2857 | D:4      | 2857 ||| STAIRDANCE
  2860 | D:3      | Reached XP level 6. HP: 27/35 MP: 8/8
  3124 | D:4      | Mangled by an ogre

Levels and vault maps discovered:
D:1:      saegor_arrival_simple_c, layout_basic,
          ebering_ecumenical_altar_petrified
D:2:      layout_basic, basic_altar, hangedman_decor_push, uniq_robin
D:3:      layout_rooms, gammafunk_ghost_smash, minmay_goblin_kobold_house,
          uniq_crazy_yiuf_cottage
D:4:      layout_basic

Skill      XL: |  1  2  3  4  5 |
---------------+----------------+-----
Ranged Weapons | 6 7 8 9 |  9.4
Dodging        | 3 |  3.0
Fighting       | 2 |  2.2
Stealth        | |  1.2

Action                     |  1- 3 |  4- 6 || total
---------------------------+-------+-------++-------
   Fire: Shortbow          |    93 |   171 ||   264
    Use: Scroll            |     2 |     8 ||    10
         Potion            |     1 |       ||     1
 Armour: Leather armour    |     4 |    22 ||    26
  Dodge: Dodged            |    21 |    56 ||    77

Table legend:
 A = Non-vault XP
 B = Vault XP
 C = Vault XP percentage of total XP
 D = Non-vault monster count
 E = Vault monster count
 F = Vault count percentage of total count
                 A         B        C        D         E       F
            +---------+---------+-------+---------+---------+-------
      Total |     414 |      42 |   9.2 |      75 |      17 |  18.5
            +---------+---------+-------+---------+---------+-------
        D:1 |      61 |       0 |   0.0 |      37 |       0 |   0.0
        D:2 |     129 |      36 |  21.8 |      17 |      12 |  41.4
        D:3 |     172 |       6 |   3.4 |      15 |       5 |  25.0
        D:4 |      52 |       0 |   0.0 |       6 |       0 |   0.0
            +---------+---------+-------+---------+---------+-------
